 Dungeon Sprint DCSS version 0.26-a0-661-g406de6ba63 (webtiles) character file.

Game seed: 8895793681481652226

1232 mhtbhm the Thaumaturge (level 8, -25/41 HPs)
             Began as a Deep Elf Earth Elementalist on Oct 8, 2020.
             Was a Believer of Vehumet.
             Killed from afar by Josephine (28 damage)
             ... with a ghostly fireball
             ... in the Dungeon (Sprint III: "The Ten Rune Challenge").
             The game lasted 00:02:31 (988 turns).

mhtbhm the Thaumaturge (Deep Elf Earth Elementalist) Turns: 988, Time: 00:02:31

Health: -25/41     AC:  3    Str:  5    XL:     8   Next: 24%
Magic:  17/28      EV: 14    Int: 23    God:    Vehumet [**....]
Gold:   43         SH:  0    Dex: 15    Spells: 21/36 levels left

rFire    . . .     SeeInvis .   (no weapon)
rCold    . . .     Faith    .   (no shield)
rNeg     . . .     Spirit   .   c - +0 robe
rPois    .         Reflect  .   (no helmet)
rElec    +         Harm     .   s - +0 cloak
rCorr    .         Rampage  .   (no gloves)
MR       .....     NoTele   +   (no boots)
Stlth    +++.......             (no amulet)
HPRegen  0.13/turn              (no ring)
MPRegen  0.21/turn              (no ring)

@: heavily drained
A: mutation resistance 1, electricity resistance
a: Renounce Religion


You were in the Dungeon.
You worshipped Vehumet.
Vehumet was pleased with you.
You visited 1 branch You collected 43 gold pieces.

Inventory:

Missiles
 b - 8 stones (quivered)
Armour
 c - a +0 robe (worn)
 s - a +0 cloak (worn)
Wands
 j - a wand of flame (10)
Scrolls
 a - a scroll of magic mapping {unknown}
 i - a scroll of blinking
 l - a scroll of immolation {unknown}
 m - 3 scrolls of identify
 n - 2 scrolls of remove curse {unknown}
 q - a scroll of holy word {unknown}
Potions
 d - a potion of curing
 e - 2 potions of heal wounds
 f - a potion of haste
 g - 2 potions of magic
 h - 2 potions of berserk rage
 k - a potion of stabbing {unknown}
 o - a potion of might
 p - 2 potions of mutation
 r - a potion of flight {unknown}
Miscellaneous
 t - a lightning rod (4/4)


   Skills:
 + Level 5.9(4.5) Dodging
 + Level 5.5(4.1) Stealth
 + Level 14.6(12.9) Spellcasting
 + Level 1.2(0.0) Transmutations
 + Level 13.8(12.1) Earth Magic


You had 21 spell levels left.
You knew the following spells:

 Your Spells              Type           Power        Failure   Level
a - Sandblast             Erth           ######       1%          1
b - Passwall              Tmut/Erth      #####...     1%          2
c - Stone Arrow           Conj/Erth      #####.       1%          3
d - Lee's Rapid Deconstr  Erth           ######....   1%          5
e - Petrify               Tmut/Erth      #####...     3%          4

Your spell library contained the following spells:

 Spells                   Type           Power        Failure   Level
 Magic Dart               Conj           ##..         4%          1
 Animate Skeleton         Necr           ##....       4%          1
 Apportation              Tloc           ##....       4%          1
 Corona                   Hex            ##.....      4%          1
 Summon Small Mammal      Summ           ##..         4%          1
 Confusing Touch          Hex            ##......     13%         3
 Gell's Gravitas          Tloc           ##........   13%         3
 Metabolic Englaciation   Hex/Ice        ##........   75%         5
 Yara's Violent Unravell  Hex/Tmut       ##........   75%         5


Dungeon Overview and Level Annotations

Branches:
Dungeon (1/1)

Altars:
Cheibriados
Dithmenos
Elyvilon
Fedhas
Gozag
Hepliaklqana
Kikubaaqudgha
Makhleb
Nemelex Xobeh
Okawaru
Qazlal
Ru
Sif Muna
Trog
Uskayaw
Vehumet
Wu Jian
Xom
Yredelemnul
Zin
The Shining One
Beogh
Jiyva
Lugonu

Annotations:
D Josephine


Innate Abilities, Weirdness & Mutations

You are somewhat resistant to further mutation.
You are resistant to electric shocks. (rElec)


Message History

* * * LOW HITPOINT WARNING * * *
Unknown command.
Casting: Lee's Rapid Deconstruction (dangerous; 1% risk of failure)
Confirm with . or Enter, or press ? or * to list all spells.
You don't know that spell.
Drop what? 20/52 slots (_ for help) (? for menu, Esc to quit)
Okay, then.
Casting: Lee's Rapid Deconstruction (dangerous; 1% risk of failure)
Confirm with . or Enter, or press ? or * to list all spells.
Press: ? - help, Dir - move target cursor A rock wall.
The wall shatters!
The blast of rock fragments hits Josephine!!
Josephine is almost dead.
Josephine grins malevolently.
Josephine gestures at you while chanting.
The ghostly flame explodes!
The ghostly fireball engulfs you!!
You feel drained.
Ouch! That really hurt!
You die...

♣♣.#)..#__.#._#
♣♣..###'#'###÷##
♣♣..#..........#
♣♣♣.'.⌠........#
≈♣♣.#...######'#
....#.⌠.#__#...#+#####
....#...#__#...#§@§≈≈+
....#)###__#...#.#§≈≈#
....#...#__#...'@#@§.#
....#___#__'...#.#...#
▓▓▓▓▓▓▓▓▓▓▓▓▓▓▓▓▓▓▓▓▓▓


You could see Josephine.

Vanquished Creatures
  A deep elf mage (D)
  A shadow (D)
  A spatial vortex (D)
  A necrophage (D)
  A water elemental (D)
  A jelly (D)
  A wizard (D)
  Jessica (D)
  A necromancer (D)
  A kobold demonologist (D)
  3 humans (D)
  An ooze (D)
  A phantom (D)
  A rat (D)
16 creatures vanquished.

Notes
Turn   | Place    | Note
-------+----------+-------------------------------------------
     0 | D        | mhtbhm the Deep Elf Earth Elementalist began the quest for
                  | the Orb.
     0 | D        | Reached XP level 1. HP: 10/10 MP: 6/6
    45 | D        | Noticed Jessica
    47 | D        | Killed Jessica
    47 | D        | Reached skill level 4 in Spellcasting
    47 | D        | Reached XP level 2. HP: 15/15 MP: 5/9
    47 | D        | Reached XP level 3. HP: 19/19 MP: 6/11
   111 | D        | Reached skill level 5 in Spellcasting
   174 | D        | Learned a level 2 spell: Passwall
   178 | D        | Learned a level 3 spell: Stone Arrow
   360 | D        | Gained mutation: You can translocate small distances at
                  | will. [potion of mutation]
   360 | D        | Gained mutation: You are partially covered in thin metallic
                  | scales. (AC +2) [potion of mutation]
   360 | D        | Gained mutation: Scrolls take you a little longer to read.
                  | [potion of mutation]
   360 | D        | Gained mutation: You are mostly covered in thin metallic
                  | scales. (AC +3) [potion of mutation]
   361 | D        | Lost mutation: Scrolls take you a little longer to read.
                  | [potion of mutation]
   361 | D        | Lost mutation: You are mostly covered in thin metallic
                  | scales. (AC +3) [potion of mutation]
   361 | D        | Lost mutation: You can translocate small distances at will.
                  | [potion of mutation]
   361 | D        | Lost mutation: You are partially covered in thin metallic
                  | scales. (AC +2) [potion of mutation]
   361 | D        | Gained mutation: Your muscles are strong. (Str +2) [potion
                  | of mutation]
   362 | D        | Lost mutation: Your muscles are strong. (Str +2) [potion of
                  | mutation]
   362 | D        | Gained mutation: Armour fits poorly on your strangely
                  | shaped body. [potion of mutation]
   362 | D        | Gained mutation: Your spells are a little harder to cast,
                  | but a little more powerful. [potion of mutation]
   362 | D        | Gained mutation: You have large cloven feet. [potion of
                  | mutation]
   364 | D        | Lost mutation: Armour fits poorly on your strangely shaped
                  | body. [potion of mutation]
   364 | D        | Lost mutation: You have large cloven feet. [potion of
                  | mutation]
   364 | D        | Lost mutation: Your spells are a little harder to cast, but
                  | a little more powerful. [potion of mutation]
   364 | D        | Gained mutation: You are resistant to electric shocks.
                  | (rElec) [potion of mutation]
   364 | D        | Gained mutation: You are somewhat resistant to further
                  | mutation. [potion of mutation]
   440 | D        | Noticed a water elemental
   443 | D        | Killed a water elemental
   443 | D        | Reached skill level 7 in Spellcasting
   443 | D        | Reached XP level 4. HP: 24/24 MP: 10/15
   480 | D        | Found a radiant altar of Vehumet.
   480 | D        | Found a shimmering blue altar of Sif Muna.
   480 | D        | Found an ancient bone altar of Kikubaaqudgha.
   480 | D        | Noticed a wizard
   482 | D        | Killed a wizard
   482 | D        | Reached XP level 5. HP: 12/28 MP: 14/17
   484 | D        | Reached skill level 8 in Spellcasting
   494 | D        | Became a worshipper of Vehumet
   501 | D        | Learned a level 5 spell: Lee's Rapid Deconstruction
   506 | D        | Learned a level 4 spell: Petrify
   670 | D        | Found a basalt altar of Yredelemnul.
   670 | D        | Found a shadowy altar of Dithmenos.
   670 | D        | Found a sacrificial altar of Ru.
   670 | D        | Noticed a necrophage
   671 | D        | Reached skill level 5 in Dodging
   672 | D        | Killed a necrophage
   672 | D        | Reached skill level 9 in Spellcasting
   672 | D        | Reached skill level 10 in Earth Magic
   672 | D        | Reached XP level 6. HP: 32/32 MP: 11/20
   726 | D        | Found a hide-covered altar of Uskayaw.
   726 | D        | Found a roughly hewn altar of Beogh.
   726 | D        | Found an iron altar of Okawaru.
   726 | D        | Found a bloodstained altar of Trog.
   726 | D        | Found an ornate altar of the Wu Jian Council.
   726 | D        | Noticed a human
   726 | D        | Noticed a human
   728 | D        | Killed a human
   728 | D        | Reached * piety under Vehumet
   728 | D        | Offered knowledge of Freeze by Vehumet.
   728 | D        | Reached skill level 11 in Spellcasting
   729 | D        | Killed a human
   729 | D        | Reached skill level 5 in Stealth
   729 | D        | Reached skill level 12 in Spellcasting
   729 | D        | Reached XP level 7. HP: 28/36 MP: 6/24
   823 | D        | Found a glowing silver altar of Zin.
   823 | D        | Found a glowing golden altar of the Shining One.
   823 | D        | Found a white marble altar of Elyvilon.
   823 | D        | Noticed a deep elf mage
   825 | D        | Noticed a tarantella
   825 | D        | Killed a deep elf mage
   825 | D        | Reached skill level 13 in Spellcasting
   899 | D        | Reached ** piety under Vehumet
   899 | D        | Offered knowledge of Magic Dart by Vehumet.
   899 | D        | Noticed a shadow
   901 | D        | Killed a shadow
   901 | D        | Reached skill level 14 in Spellcasting
   901 | D        | Reached XP level 8. HP: 41/41 MP: 18/28
   944 | D        | Found a blossoming altar of Fedhas.
   944 | D        | Found a stormy altar of Qazlal.
   944 | D        | Found a snail-covered altar of Cheibriados.
   944 | D        | Found a burning altar of Makhleb.
   944 | D        | Found a shimmering altar of Xom.
   947 | D        | Found a hazy altar of Hepliaklqana.
   947 | D        | Found an opulent altar of Gozag.
   947 | D        | Found a sparkling altar of Nemelex Xobeh.
   947 | D        | Found a corrupted altar of Lugonu.
   947 | D        | Found a viscous altar of Jiyva.
   984 | D        | Noticed Josephine
   987 | D        | HP: 2/41 [Josephine/ghostly fireball (39)]
   988 | D        | Killed from afar by Josephine

Illustrated notes

Levels and vault maps discovered:
D:        dungeon_sprint_mu [sprint_mu_entry_forest, sprint_mu_temple_rooms,
          sprint_mu_d1_horrors, sprint_mu_d2_genie, sprint_mu_d3_branching,
          sprint_mu_orc_legion, sprint_mu_elf_gauntlet, sprint_mu_hive_nellie,
          sprint_mu_lair_fedhas, sprint_mu_vaults_butterflies,
          sprint_mu_slime_circle, sprint_mu_shoals_archi,
          sprint_mu_snake_twists, sprint_mu_blade_basic, sprint_mu_crypt_lich,
          sprint_mu_tomb_spiral, sprint_mu_vestibule_basic,
          sprint_mu_gehenna_hellfire, sprint_mu_dis_giant,
          sprint_mu_tartarus_statrot, sprint_mu_cocytus_islands, sprint_mu_zot1]

Skill      XL: |  1  2  3  4  5  6  7 |
---------------+----------------------+-----
Earth Magic    | 6 8 10 12 13 | 13.8
Dodging        | 3 4 5 |  5.9
Stealth        | 3 4 5 |  5.5
Spellcasting   | 4 7 9 12 14 | 14.6
Transmutations | |  1.2

Action                   |  1- 3 |  4- 6 |  7- 9 || total
-------------------------+-------+-------+-------++-------
 Cast: Sandblast         |    16 |     6 |       ||    22
       Lee's Rapid Decon |       |     3 |    10 ||    13
  Use: Potion            |     5 |       |       ||     5
Dodge: Dodged            |     4 |     1 |       ||     5

Table legend: (Time is in decaauts)
 A = Elapsed time spent in this place.
 B = Non-inter-level travel time spent in this place.
 C = Inter-level travel time spent in this place.
 D = Time resting spent in this place.
 E = Time spent auto-exploring this place.
 F = Levels seen in this place.
 G = Mean time per level.
                   A        B        C        D        E       F      G
               +--------+--------+--------+--------+--------+-----+--------+
         Total |    989 |    989 |      0 |    732 |      1 |   1 |  989.0 |
       Dungeon |    989 |    989 |      0 |    732 |      1 |   1 |  989.0 |
               +--------+--------+--------+--------+--------+-----+--------+

Top non-repeatable levels by time:
       D: 989 daAuts
